 Dungeon Crawl Stone Soup version 0.18-a0-971-g0af6217 (webtiles) character file.

2124 dvd the Geomancer (level 9, 0/48 HPs)
             Began as a Gargoyle Earth Elementalist on Jan 2, 2016.
             Was a Believer of Sif Muna.
             Slain by Edmund
             ... wielding a +1 flail of distortion
              (6 damage)
             ... on level 6 of the Dungeon.
             The game lasted 00:33:08 (6313 turns).

dvd the Geomancer (Gargoyle Earth Elementalist)     Turns: 6313, Time: 00:33:08

Health: 0/48       AC: 14    Str: 12    XL:     9   Next: 29%
Magic:  9/19       EV: 12    Int: 19    God:    Sif Muna [**....]
Gold:   138        SH:  0    Dex: 10    Spells: 4 memorised, 10 levels left

rFire  . . .     SeeInvis .     b - 51 stones
rCold  + . .     Gourm    .     g - +1 leather armour {rC+}
rNeg   + + .     Faith    .     (no shield)
rPois  ∞         Spirit   .     (no helmet)
rElec  +         Dismiss  .     (no cloak)
rCorr  .         Reflect  .     v - +0 pair of gloves
SustAt .         Harm     .     (no boots)
MR     .....                    (no amulet)
Stlth  ++........               (no ring)
                                k - ring of positive energy

@: about to teleport, stone skin, not resistant to hostile enchantments,
unstealthy
A: negative energy resistance 1, electricity resistance, unbreathing,
petrification resistance, rot immunity, AC +5
a: Channel Energy, Forget Spell, Renounce Religion


You were on level 6 of the Dungeon.
You worshipped Sif Muna.
Sif Muna was pleased with you.
You were not hungry.

You visited 1 branch of the dungeon, and saw 6 of its levels.

You collected 138 gold pieces.

Inventory:

Hand Weapons
 a - a +0 morningstar
 e - the cursed +0 trident of Nuotwed {vamp, Stlth+, unknown}
   (You took it off a kobold on level 4 of the Dungeon)

   It inflicts no extra harm, but heals its wielder somewhat when it strikes a
   living foe.
   It makes you more stealthy.
   It has a curse placed upon it.
 j - the +4 war axe of War {vamp, rN++ Str-4 Dex+5, unknown}
   (You found it on level 5 of the Dungeon)

   It inflicts no extra harm, but heals its wielder somewhat when it strikes a
   living foe.
   It affects your strength (-4).
   It affects your dexterity (+5).
   It greatly protects you from negative energy.
 o - a +0 dagger of speed
 r - a +0 flail
 t - a +2 halberd of chopping
Missiles
 b - 51 stones (in hand)
Armour
 g - a +1 leather armour of cold resistance (worn)
 p - a +0 large shield
 v - a +0 pair of gloves (worn)
Jewellery
 k - a ring of positive energy (left hand)
Wands
 h - a wand of enslavement (12/24)
 y - a wand of invisibility (4/9)
 A - a wand of slowing (27/48)
Scrolls
 f - 3 scrolls of identify
 i - 3 scrolls of amnesia
 m - 6 scrolls of teleportation
 n - a scroll of fog
 w - 2 scrolls of remove curse
 x - a scroll of magic mapping
Potions
 l - a potion of magic
 s - a potion of brilliance
Books
 c - a book of Geomancy

   Spells                             Type                      Level
   a - Sandblast                      Earth                        1
   b - Stoneskin                      Transmutation/Earth          2
   c - Passwall                       Transmutation/Earth          3
   d - Stone Arrow                    Conjuration/Earth            3
   e - Petrify                        Transmutation/Earth          4
   f - Lee's Rapid Deconstruction     Earth                        5
Comestibles
 d - 4 bread rations
 q - 3 chunks of flesh
 u - 3 fruits
 z - 3 meat rations


   Skills:
 + Level 2.2 Fighting
 + Level 2.4 Maces & Flails
 + Level 3.0 Armour
 + Level 4.1 Dodging
 + Level 3.2 Stealth
 + Level 6.7 Spellcasting
 + Level 0.2 Conjurations
 + Level 2.1 Transmutations
 + Level 8.3 Earth Magic


You had 10 spell levels left.
You knew the following spells:

 Your Spells              Type           Power        Failure   Level  Hunger
a - Sandblast             Erth           #####.       1%          1    None
b - Stoneskin             Trmt/Erth      ####....     2%          2    None
c - Stone Arrow           Conj/Erth      ###...       10%         3    ##.....
d - Lee's Rapid Deconstr  Erth           #####.....   12%         5    #####..


Dungeon Overview and Level Annotations

Branches:
Dungeon (6/15)             Temple (0/1) D:6

Altars:
Elyvilon
Okawaru
Pakellas
Sif Muna

Shops:
D:4 [   D:5 *(?}[

Annotations:
D:6 Edmund


Innate Abilities, Weirdness & Mutations

You are resistant to torment.
Your stone body is resilient (AC +5).
You are immune to poison.
You resist negative energy.
You are resistant to electric shocks.
You can survive without breathing.
You are immune to petrification.
You are immune to rotting.


Message History

* * * LOW HITPOINT WARNING * * *
Casting: Sandblast
Confirm with . or Enter, or press ? or * to list all spells.
Aiming: Sandblast
Press: ? - help, Shift-Dir - straight line, f/p - Edmund
Aim: Edmund, wielding a flail of distortion and wearing a ring mail (almost dead)
The rocky blast hits Edmund.
Edmund is almost dead.
Edmund hits you but does no damage.
You feel strangely unstable.
Casting: Sandblast
Confirm with . or Enter, or press ? or * to list all spells.
Aiming: Sandblast
Press: ? - help, Shift-Dir - straight line, f/p - Edmund
Aim: Edmund, wielding a flail of distortion and wearing a ring mail (almost dead)
The rocky blast hits Edmund.
Edmund is almost dead.
Edmund hits you with a flail of distortion.
* * * LOW HITPOINT WARNING * * *
Space bends around you.
You die...

....# #...)..#.......
....###)###..........
.......## #...#...#..
# .......# ##.).#.⌠.#
.# ##.#..##
#.)###...###.#
#.###.#
#............# #
##.###...⌠..>..⌠..##
#.................
#.####.###.@@###. #..
#.†.# #.. #...#
#..........
##.##.......# #
.........#
#..........
#.........#
##.......##


You could see Edmund.

Vanquished Creatures
  Prince Ribbit (D:6)
  Duvessa (D:6)
  A sky beast (D:4)
  An orc warrior (D:4)
  An ice beast (D:6)
  2 ogres
  A centaur (D:6)
  2 giant frogs (D:6)
  Dowan (D:6)
  2 scorpions
  3 wights (D:6)
  A crimson imp (D:5)
  A wasp zombie (D:5)
  3 hounds
  A giant frog zombie (D:6)
  2 gnoll shamans
  2 orc priests (D:4)
  A jelly (D:5)
  A giant frog skeleton (D:5)
  An orc wizard (D:5)
  An iguana (D:5)
  4 worker ants
  A killer bee zombie (D:5)
  13 gnolls
  14 adders
  A shadow imp (D:5)
  4 worms
  5 giant geckos
  11 orcs
  9 bats
  4 giant cockroaches
  10 goblins
  10 hobgoblins
  4 quokkas
  4 ball pythons
  A ball python skeleton (D:4)
  5 giant newts
  7 kobolds
  5 rats
142 creatures vanquished.

Vanquished Creatures (others)
  A kobold (D:2)
1 creature vanquished.

Grand Total: 143 creatures vanquished

Notes
Turn   | Place    | Note
--------------------------------------------------------------
     0 | D:1      | dvd the Gargoyle Earth Elementalist began the quest for the Orb.
     0 | D:1      | Reached XP level 1. HP: 10/10 MP: 3/3
   248 | D:1      | Reached XP level 2. HP: 15/15 MP: 3/5
   403 | D:1      | Learned a level 2 spell: Stoneskin
   518 | D:1      | Reached skill level 4 in Earth Magic
   596 | D:1      | Reached XP level 3. HP: 17/19 MP: 4/6
   609 | D:1      | Learned a level 3 spell: Stone Arrow
  1257 | D:2      | Reached skill level 1 in Transmutations
  1257 | D:2      | Reached XP level 4. HP: 22/24 MP: 0/8
  1419 | D:2      | Found a white marble altar of Elyvilon.
  2334 | D:3      | Noticed a sky beast
  2375 | D:4      | Killed a sky beast
  2375 | D:4      | Reached skill level 1 in Armour
  2375 | D:4      | Reached skill level 5 in Earth Magic
  2375 | D:4      | Reached XP level 5. HP: 14/28 MP: 1/10
  2661 | D:3      | Reached XP level 6. HP: 32/32 MP: 8/11
  2698 | D:3      | Found a deep blue altar of Sif Muna.
  2991 | D:3      | Found a faded altar to an unknown god.
  3397 | D:3      | Became a worshipper of Sif Muna the Loreminder
  3407 | D:3      | Learned a level 3 spell: Stone Arrow
  3810 | D:4      | Got a jewelled trident {vamp}
  4164 | D:4      | Reached XP level 7. HP: 37/37 MP: 3/13
  4263 | D:4      | Reached skill level 6 in Earth Magic
  4409 | D:4      | Found Zouz's Antique Armour Shoppe.
  4727 | D:5      | Entered Level 5 of the Dungeon
  4747 | D:5      | Reached skill level 1 in Maces & Flails
  4765 | D:5      | Reached * piety under Sif Muna
  4772 | D:5      | Reached skill level 1 in Fighting
  4893 | D:5      | Reached XP level 8. HP: 43/43 MP: 8/15
  5021 | D:5      | Found an iron altar of Okawaru.
  5041 | D:5      | Reached skill level 5 in Spellcasting
  5073 | D:5      | Found Sissy's Antique Armour Boutique.
  5168 | D:5      | Found an oddly glowing altar of Pakellas.
  5168 | D:5      | Found Pakellas's Prime Provisions.
  5323 | D:5      | Got a polished war axe
  5333 | D:5      | Found Tofuku's Magic Scroll Emporium.
  5370 | D:5      | Found Tatukk's Antique Weapon Boutique.
  5376 | D:5      | Found Saug's General Store.
  5626 | D:5      | Reached skill level 7 in Earth Magic
  5638 | D:5      | Got a twisted helmet
  5644 | D:5      | Identified the cursed -1 helmet of the Ego {rElec} (You found it on level 5 of the Dungeon)
  5895 | D:6      | Learned a level 5 spell: Lee's Rapid Deconstruction
  5930 | D:6      | Noticed Prince Ribbit
  5941 | D:6      | Killed Prince Ribbit
  5941 | D:6      | Reached ** piety under Sif Muna
  5951 | D:6      | Reached XP level 9. HP: 25/48 MP: 1/18
  6130 | D:6      | Noticed Duvessa
  6131 | D:6      | Noticed Dowan
  6134 | D:6      | Killed Duvessa
  6134 | D:6      | Reached skill level 8 in Earth Magic
  6140 | D:6      | Killed Dowan
  6165 | D:6      | Found a staircase to the Ecumenical Temple.
  6303 | D:6      | Noticed Edmund
  6313 | D:6      | Slain by Edmund

Vault maps used:
D:1:      dpeg_arrival_circle_labyrinth_a, grunt_decor_mini_mirrors
D:2:      elyvilon_altar_4, first_bread
D:3:      nicolae_overflow_hidden_temple, ecumenical_altar_2
D:4:      serial_shops, shop
D:5:      okawaru_gym_becter, serial_shops, shop, nicolae_shop_stone,
          nicolae_shop_waterfront, shop, minmay_misc_feat_room,
          johnstein_pakellas_shop
D:6:      minmay_temple_entry_junction2, serial_shops, nicolae_shop_waterfront,
          kennysheep_windowed_goal, uniq_menkaure, uniq_edmund, uniq_duvessa,
          uniq_prince_ribbit1

Action                   |  1- 3 |  4- 6 |  7- 9 || total
-------------------------+-------+-------+-------++-------
Melee: Unarmed           |    10 |       |       ||    10
       Dagger            |    15 |       |       ||    15
       Flail             |       |   160 |    67 ||   227
       Morningstar       |       |       |   106 ||   106
 Cast: Sandblast         |    38 |    82 |    94 ||   214
       Stoneskin         |     3 |    18 |    22 ||    43
       Stone Arrow       |     3 |     4 |     3 ||    10
       Lee's Rapid Decon |       |       |     3 ||     3
  Use: Scroll            |       |    10 |     4 ||    14
       Potion            |       |     5 |       ||     5
 Stab: Sleeping          |     1 |     3 |     2 ||     6
  Eat: Chunk             |     1 |    12 |     7 ||    20
       Beef jerky        |       |       |     1 ||     1
